 Dungeon Crawl Stone Soup version 0.18-a0-1413-g4eaa9ac (webtiles) character file.

47 M4edhros the Charlatan (level 3, 0/23 HPs)
             Began as an Octopode Artificer on Feb 25, 2016.
             Slain by an adder (5 damage)
             ... on level 2 of the Dungeon.
             The game lasted 00:01:25 (1505 turns).

M4edhros the Charlatan (Octopode Artificer)         Turns: 1505, Time: 00:01:25

Health: 0/23       AC:  1    Str: 10    XL:     3   Next: 70%
Magic:  5/5        EV: 12    Int: 15    God:
Gold:   82         SH:  0    Dex: 12    Spells: 0 memorised, 2 levels left

rFire  . . .     SeeInvis .       - Unarmed
rCold  . . .     Gourm    .     (no shield)
rNeg   . . .     Faith    .     (helmet restricted)
rPois  .         Spirit   .     (no amulet)
rElec  .         Dismiss  .     (no ring)
rCorr  .         Reflect  .     (no ring)
SustAt .         Harm     .     (no ring)
MR     +....                    (no ring)
Stlth  +++.......               (no ring)
                                (no ring)
                                (no ring)
                                (no ring)

@: somewhat resistant to hostile enchantments, fairly stealthy
A: almost no armour, amphibious, 8 rings, constrict 8, camouflage 1, magic
resistance 1, gelatinous body 1
a: no special abilities


You were on level 2 of the Dungeon.
You were not hungry.

You visited 1 branch of the dungeon, and saw 2 of its levels.

You collected 82 gold pieces.

Inventory:

Missiles
 e - 33 sling bullets
Wands
 b - a wand of flame (15/48)
 c - a wand of enslavement (15/24)
 d - a wand of random effects (15/48)
Scrolls
 a - 2 scrolls of identify {unknown}
 h - 2 scrolls of remove curse {unknown}
 j - a scroll of random uselessness {unknown}
 k - a scroll of blinking {unknown}
Comestibles
 f - a bread ration
 l - 3 fruits


   Skills:
 - Level 1.0 Fighting
   Level 1.0 Short Blades
 - Level 2.0 Dodging
 - Level 1.3 Stealth
 + Level 3.2 Unarmed Combat
 - Level 3.2 Evocations


You had 2 spell levels left.
You didn't know any spells.

Dungeon Overview and Level Annotations

Branches:
Dungeon (2/15)

Altars:


Innate Abilities, Weirdness & Mutations

You cannot wear most types of armour.
You are amphibious.
You can wear up to eight rings at the same time.
You can use your tentacles to constrict eight enemies at once.
Your skin changes colour to match your surroundings (Stealth).
Your rubbery body absorbs attacks (AC +1).
You are resistant to hostile enchantments.


Message History

The adder bites you.
You miss the adder. Your grab misses the adder.
The adder is almost dead.
The adder barely misses you. The adder closely misses you.
You closely miss the adder. Your grab misses the adder.
The adder is almost dead.
The adder misses you.
You closely miss the adder. Your grab misses the adder.
The adder is almost dead.
The adder bites you.
You closely miss the adder. Your grab misses the adder.
Your squeeze misses the adder.
The adder is almost dead.
The adder bites you.
* * * LOW HITPOINT WARNING * * *
You closely miss the adder. Your grab misses the adder.
Your squeeze misses the adder.
The adder is almost dead.
The adder bites you.
You die...

#. ##'## ##.####.
####.### .......##
#......# #.
#...###.##.#.#
###.###.#..........##
#.....#...###........
#.....##.## #.#....##
#.....##.# #.##.#.#
#..S@.†..# #......#
#.....#### ########
#######


You could see an adder.

Vanquished Creatures
  An adder (D:2)
  A dart slug (D:2)
  A giant gecko (D:2)
  5 bats
  3 giant cockroaches (D:2)
  5 goblins
  2 hobgoblins (D:2)
  5 jackals
  4 kobolds
  2 giant newts (D:1)
  2 rats
31 creatures vanquished.

Notes
Turn   | Place    | Note
--------------------------------------------------------------
     0 | D:1      | M4edhros the Octopode Artificer began the quest for the Orb.
     0 | D:1      | Reached XP level 1. HP: 13/13 MP: 3/3
   190 | D:1      | Reached skill level 1 in Unarmed Combat
   353 | D:1      | Reached XP level 2. HP: 12/18 MP: 4/4
  1299 | D:2      | Reached XP level 3. HP: 23/23 MP: 5/5
  1368 | D:2      | Gained mutation: You are resistant to hostile enchantments. [potion of beneficial mutation]
  1505 | D:2      | Slain by an adder

Vault maps used:
D:1:      dpeg_arrival_castle, minmay_splitting_lines, fountainhead
D:2:      wad_river_or_something

Skill      XL: |  1  2  3 |
---------------+----------+-----
Unarmed Combat | 1 2 3 |  3.2
Fighting       | |  1.0
Short Blades   | |  1.0
Dodging        | |  2.0
Stealth        | |  1.3
Evocations     | |  3.2

Action                   || total
-------------------------++-------
Melee: Unarmed           ||    71
  Use: Potion            ||     2
 Stab: Sleeping          ||    11
  Eat: Chunk             ||     2
